AoeStats
← SlowBoy

Arabia

506545695Analyzed
1v1 RM · 19d ago on Sep 14, 2026· 19m 43s· 2 players
Game mode
Random Map
Map size
Tiny (2 player)
Population
200
Speed
Normal
Resources
Standard
Victory
Conquest
Starting age
Dark Age
Ending age
Imperial Age
RankedLock teamsTeams togetherTeam positionsShared explorationLock speedFull tech treeHidden civsTurbo modeCheats
Victory
Defeat
🇧🇷 Vietnamese · Brazil
1688
+13
🇲🇽 Ethiopians · Mexico
1619
-13
SimmaHem7912
8:34 Feudal Age
9:04 Double-Bit Axe
10:19 Fletching
13:18 Wheelbarrow
14:35 Horse Collar
15:25 Loom
15:59 Man-at-Arms
SlowBoy
6:25 Loom
9:56 Feudal Age
10:36 Double-Bit Axe
12:32 Horse Collar
13:24 Fletching
17:37 Gold Mining
18:27 Wheelbarrow
Connection lost

Rejoining the realm…

Still unreachable

The connection could not be restored.

Session expired

The server has moved on; the page needs a fresh start.